 Dungeon Crawl Stone Soup version 0.32-a0-818-gb728d0252e (webtiles) character file.

Game seed: 997982244034857427

509 smashvw the Digger (level 6, -2/40 (45) HPs)
             Began as a Draconian Earth Elementalist on Mar 24, 2024.
             Slain by a wight
             ... wielding a +2 great sword
              (3 damage)
             ... on level 4 of the Dungeon.
             The game lasted 00:06:58 (2501 turns).

smashvw the Digger (Draconian Earth Elementalist)   Turns: 2501, Time: 00:06:59

HP:   -2/40 (45)    AC:  6    Str: 10    XL:     6   Next: 98%
MP:   10/12         EV: 11    Int: 17    God:
Gold: 161           SH:  0    Dex: 12    Spells: 12/13 levels left

rFire   . . .        l - staff of conjuration
rCold   . . .        (no shield)
rNeg    . . .        (body armour unavailable)
rPois   .            (helmet restricted)
rElec   .            (no cloak)
rCorr   .            (no gloves)
SInv    .            (no boots)
Will    .....        d - amulet of magic regeneration
Stlth   ++           (no ring)
HPRegen 0.26/turn    (no ring)
MPRegen 0.53/turn

%: no passive effects
@: heavily drained
A: AC +6, unfitting armour, cold-blooded
a: no special abilities


You were on level 4 of the Dungeon.
You visited 1 branch of the dungeon, and saw 4 of its levels.

You collected 161 gold pieces.

Inventory:

Missiles
 t - a throwing net
Magical Staves
 l - a staff of conjuration (weapon)
Jewellery
 b - a ring of resist corrosion
 d - an amulet of magic regeneration (around neck)
 p - a ring of see invisible
 r - an amulet of guardian spirit
Scrolls
 c - 5 scrolls of teleportation {unknown}
 e - a scroll of noise {unknown}
 g - 6 scrolls of identify {unknown}
 i - a scroll of fear {unknown}
 j - 3 scrolls of immolation {unknown}
 k - a scroll of revelation {unknown}
 m - 2 scrolls of brand weapon {unknown}
 s - a scroll of amnesia {unknown}
Potions
 a - a potion of magic
 f - 2 potions of heal wounds {unknown}
 h - 2 potions of might {unknown}
 n - a potion of cancellation {unknown}
 o - a potion of haste {unknown}
 q - a potion of berserk rage {unknown}


   Skills:
 - Level 1.7 Dodging
 - Level 1.7 Stealth
 + Level 4.3 Spellcasting
 + Level 4.1 Conjurations
 + Level 5.1 Earth Magic


You had 12 spell levels left.
You knew the following spells:

 Your Spells              Type           Power      Damage    Failure   Level
a - Sandblast             Erth           42%        2d11      1%          1

Your spell library contained the following spells:

 Spells                   Type           Power      Damage    Failure   Level
 Passwall                 Erth           21%        N/A       5%          3
 Stone Arrow              Conj/Erth      58%        3d10      7%          3
 Brom's Barrelling Bould  Conj/Erth      29%        2d5       22%         4
 Petrify                  Alch/Erth      12%        N/A       45%         4
 Manifold Assault         Tloc           3%         N/A       83%         4
 Dispersal                Tloc           1%         N/A       100%        6
 Disjunction              Tloc           1%         N/A       100%        8


Dungeon Overview and Level Annotations

Branches:
Dungeon (4/15)
 Temple: D:4-7

Altars:
Xom


Innate Abilities, Weirdness & Mutations

Your plain brown scales are hard. (AC +6)
You cannot fit into any form of body armour.
You are cold-blooded and may be slowed by cold attacks.


Message History

The wight closely misses you.
The blast of sand hits the wight!
You destroy the wight!
You hear the rusting of a distant drain.
Things that are here:
a +3 battleaxe of freezing; a +0 robe A wight comes into view.
It is wielding a +2 great sword.
The blast of sand hits the wight but does no damage.
The blast of sand hits the wight but does no damage.
The wight hits you but does no damage.
The blast of sand hits the wight.
The wight is lightly damaged.
The wight hits you with a +2 great sword!
You feel drained.
The blast of sand hits the wight!
The wight is severely damaged.
The wight hits you with a +2 great sword!
You feel drained.
The wight hits you with a +2 great sword!
* * * LOW HITPOINT WARNING * * *
You are too injured to fight recklessly!
Aiming: Sandblast (safe; 1% risk of failure)
Press: ? - help, Q - select action, (/) - cycle Shift-Dir - straight line, f/p - wight
Aim: a wight, wielding a +2 great sword and wearing a +0 robe (severely damaged, 83% to hit)
The blast of sand misses the wight.
The wight misses you.
Aiming: Sandblast (safe; 1% risk of failure)
Press: ? - help, Q - select action, (/) - cycle Shift-Dir - straight line, f/p - wight
Aim: a wight, wielding a +2 great sword and wearing a +0 robe (severely damaged, 83% to hit)
The blast of sand hits the wight.
The wight is almost destroyed.
The wight barely misses you. The wight hits you but does no damage.
Aiming: Sandblast (safe; 1% risk of failure)
Press: ? - help, Q - select action, (/) - cycle Shift-Dir - straight line, f/p - wight
Aim: a wight, wielding a +2 great sword and wearing a +0 robe (almost destroyed, 83% to hit)
The blast of sand misses the wight.
The wight hits you with a +2 great sword!
* * * LOW HITPOINT WARNING * * *
You feel drained.
You die...

#### #.. ## #.#####.##
.################.#.......
.................#..#
...##############.#.#
....###### #@).#..
.........# #z##.###
....####.# #.# .# ...##
#.# ###.# . ..## #.# #....
.. ..######.# #.#.# ##
.......#.# #.#.#
.#####.#.# #.#.# .# #.#.#
#.#.#


You could see a wight.

Vanquished Creatures
  A black bear (D:4)
  An ogre (D:3)
  A wight (D:4)
  2 bombardier beetles (D:4)
  An orc wizard (D:3)
  Robin (D:2)
  6 gnolls (D:3)
  2 adders
  2 dart slugs
  3 ribbon worms
  3 orcs (D:3)
  6 ball pythons
  5 bats
  6 endoplasms
  A giant cockroach (D:2)
  14 goblins
  11 hobgoblins
  3 jackals (D:2)
  A quokka (D:2)
  6 frilled lizards
  12 kobolds
  7 rats
95 creatures vanquished.

Notes
Turn   | Place    | Note
-------+----------+-------------------------------------------
     0 | D:1      | smashvw the Draconian Earth Elementalist began the quest
                  | for the Orb.
     0 | D:1      | Reached XP level 1. HP: 14/14 MP: 3/3
   277 | D:1      | Reached XP level 2. HP: 20/20 MP: 3/5
   862 | D:2      | Reached XP level 3. HP: 26/26 MP: 4/6
  1071 | D:2      | Noticed Robin
  1088 | D:2      | Killed Robin
  1186 | D:2      | Reached XP level 4. HP: 33/33 MP: 6/8
  1636 | D:3      | Noticed an ogre
  1643 | D:3      | Killed an ogre
  1644 | D:3      | Reached skill level 4 in Earth Magic
  1644 | D:3      | Reached XP level 5. HP: 21/38 MP: 7/10
  1721 | D:3      | Found a shimmering altar of Xom.
  1882 | D:3      | Reached XP level 6. HP: 45/45 MP: 11/11
  2388 | D:4      | Reached skill level 5 in Earth Magic
  2501 | D:4      | HP: 1/41 [wight/+2 great sword (7)]
  2501 | D:4      | Slain by a wight

Illustrated notes

Levels and vault maps discovered:
D:1:      dpeg_arrival_chambers_temple_mockup, layout_loops_ring
D:2:      layout_loops_ring, lexackson_kobold_supper, uniq_robin
D:3:      layout_rooms, mainiacjoe_overflow_paths, minmay_starry_boxes
D:4:      layout_loops_ring, minmay_temple_entry_arrows,
          lightli_sewer_entry_pipes

Skill      XL: |  1  2  3  4  5  6 |
---------------+-------------------+-----
Conjurations   | 2 3 4 |  4.1
Spellcasting   | 3 4 |  4.3
Earth Magic    | 4 5 |  5.1
Dodging        | |  1.7
Stealth        | |  1.7

Action                     |  1- 3 |  4- 6 || total
---------------------------+-------+-------++-------
  Melee: Unarmed           |     6 |       ||     6
         Staff             |     3 |     8 ||    11
   Cast: Sandblast         |    64 |    99 ||   163
 Armour: Skin              |    32 |    46 ||    78
  Dodge: Dodged            |    25 |    29 ||    54

Table legend: (Time is in decaauts)
 A = Elapsed time spent in this place.
 B = Non-inter-level travel time spent in this place.
 C = Inter-level travel time spent in this place.
 D = Time resting spent in this place.
 E = Time spent auto-exploring this place.
 F = Levels seen in this place.
 G = Mean time per level.
                   A        B        C        D        E       F      G
               +--------+--------+--------+--------+--------+-----+--------+
         Total |   2584 |   2504 |     80 |      0 |   1981 |   4 |  646.0 |
       Dungeon |   2584 |   2504 |     80 |      0 |   1981 |   4 |  646.0 |
               +--------+--------+--------+--------+--------+-----+--------+

Top non-repeatable levels by time:
     D:2: 854 daAuts
     D:1: 746 daAuts
     D:3: 651 daAuts
     D:4: 332 daAuts
